 Dungeon Crawl Stone Soup version bcrawl-1.37.2 (webtiles) character file.

Game seed: 1157918966777441171

294189 foxfromabyss the Skirmisher (level 10, -3/79 HPs)
             Began as a Demonspawn Chaos Knight on Nov 7, 2022.
             Was a Plaything of Xom.
             Slain by a killer bee (shapeshifter) (7 damage)
             ... on level 8 of the Dungeon.
             The game lasted 00:09:37 (7552 turns).

foxfromabyss the Skirmisher (DsCK)                  Turns: 7552, Time: 00:09:37

Health: -3/79      AC:  7    Str: 15    XL:     10   Next: 1%
Magic:  10/10      EV: 14    Int: 15    God:    Xom [.*....]
Gold:   461        SH:  0    Dex: 12    Spells: 1/9 levels left

rFire    + . .     GDR:     29% a - +0 mace (chaos)
rCold    + + .     SeeInvis +   (no shield)
rNeg     . . .     Gourm    .   b - +2 leather armour
rPois    .         Faith    .   (helmet unavailable)
rElec    .         Spirit   .   r - scarf {rC+ rF+}
rCorr    +         Reflect  .   j - +0 pair of gloves
MR       .....                  (no boots)
Stlth    +.........             (no amulet)
HPRegen  0.23/turn              (no ring)
MPRegen  0.12/turn              y - ring of resist corrosion

@: lethally poisoned (-3 -> -7)
A: antennae 3, claws 2, cold resistance 1, powered by pain 1, wild magic 1
a: Renounce Religion


You were on level 8 of the Dungeon.
You worshipped Xom.
You were a plaything of Xom.
You were not hungry.

You visited 2 branches of the dungeon, and saw 9 of its levels.

You collected 461 gold pieces.

Inventory:

Hand Weapons
 a - a +0 mace of chaos (weapon)
 s - a +0 blowgun
Missiles
 t - 6 curare-tipped needles
 w - 2 throwing nets {=f}
Armour
 b - a +2 leather armour (worn)
 j - a +0 pair of gloves (worn)
 r - a scarf of resistance (worn)
Jewellery
 p - an uncursed ring of poison resistance {unknown}
 y - a ring of resist corrosion (right hand)
 E - an uncursed ring of fire {unknown}
 H - an uncursed amulet of magic regeneration {unknown}
 I - a cursed ring of positive energy {unknown}
Wands
 m - a wand of random effects (16)
 v - a wand of iceblast (10)
 z - a wand of acid (5)
 D - a wand of polymorph (20)
Scrolls
 c - 6 scrolls of teleportation
 d - 4 scrolls of remove curse {unknown}
 f - 2 scrolls of magic mapping {unknown}
 g - a scroll of blinking {unknown}
 h - a scroll of noise {unknown}
 i - 13 scrolls of identify
 q - 2 scrolls of fog {unknown}
 u - 4 scrolls of enchant weapon {unknown}
 A - a scroll of fear {unknown}
 B - a scroll of acquirement {unknown}
 C - a scroll of amnesia {unknown}
 G - a scroll of vulnerability {unknown}
Potions
 n - a potion of mutation
 o - 2 potions of haste {unknown}
 x - a potion of curing
Comestibles
 e - 13 rations {!d}


   Skills:
 - Level 7.1 Fighting
 - Level 6.5 Maces & Flails
 - Level 6.1 Armour
 - Level 5.9 Dodging
 + Level 3.3 Conjurations
 + Level 3.0 Air Magic
 + Level 3.3 Poison Magic


You had one spell level left.
You knew the following spells:

 Your Spells              Type           Power        Failure   Level  Hunger
a - Blink                 Tloc           N/A          52%         2    ####...
b - Conjure Flame         Conj/Fire      #.......     52%         3    #####..
c - Mephitic Cloud        Conj/Pois/Air  ##......     34%         3    #####..

Your spell library contained the following spells:

 Spells                   Type           Power        Failure   Level  Hunger
 Magic Dart               Conj           ##..         13%         1    None
 Corona                   Hex            #......      41%         1    None
 Call Imp                 Summ           #.....       52%         2    ####...
 Shackle                  Hex            #.......     52%         2    ####...
 Spider Form              Tmut/Pois      #..          54%         3    #####..
 False Image              Hex/Summ       #.......     75%         3    #####..
 Inner Flame              Hex/Fire       N/A          75%         3    #####..
 Cause Fear               Hex            #.........   98%         4    ######.
 Yara's Violent Unravell  Hex/Tmut       #.........   98%         4    ######.


Dungeon Overview and Level Annotations

Branches:
Dungeon (8/12)             Temple (1/1) D:4
   Lair: D:7-9          Orc: D:8-11

Altars:
Ashenzari
Cheibriados
Dithmenos
Fedhas
Gozag
Hepliaklqana
Kikubaaqudgha
Lugonu
Makhleb
Nemelex Xobeh
Okawaru
Qazlal
Ru
Sif Muna
Trog
Uskayaw
Vehumet
Wu Jian
Xom
Yredelemnul

Shops:
D:5 *   D:7 %%(


Innate Abilities, Weirdness & Mutations

You have a pair of large antennae on your head. (SInv)
You have very sharp fingernails.
Your flesh is cold resistant. (rC+)
You sometimes gain a little power by taking damage.
Your spells are a little harder to cast, but a little more powerful.


Message History

* * * LOW HITPOINT WARNING * * *
The killer bee completely misses you. The gnoll hits you but does no damage.
An orc wizard comes into view. It is wielding a +0 dagger.
The killer bee stings you.
* * * LOW HITPOINT WARNING * * *
You are lethally poisoned!
The killer bee poisons you!
The orc wizard gestures at you while chanting.
The puff of frost misses you.
You feel better. "Heh heh heh..."
The killer bee looks rather confused.
The gnoll looks rather confused. x2
The orc wizard looks rather confused.
The killer bee stings you.
* * * LOW HITPOINT WARNING * * *
You are lethally poisoned!
The killer bee poisons you!
The orc wizard hits the plant but does no damage.
* * * LOW HITPOINT WARNING * * *
You feel sick. The killer bee stings you!
You die...

.........#####.#..
.(.....g...###.#.#####
.........#.....#......
.........#####รท.......
.........# ##..#####
.o....o.># #.#
#######{#### #.# #
#.{).# #.# # ####.## #@#
# ######..####y####.. ##
#.>....{#.gg......# .#
#.........:.........
............?.#.........
####...$.........(......
##.......###.....P... #
#..)....# .......PPo ###
#......## #.......P.


You could see a killer bee shaped shifter (confused) and a gnoll (confused).

Vanquished Creatures
  Prince Ribbit (D:7)
  A hippogriff (D:6)
  2 yaks
  A hungry ghost (D:8)
  A crocodile (D:8)
  3 porcupines
  4 sky beasts
  A necrophage (D:6)
  3 phantoms
  An ogre (D:7)
  A wolf (D:8)
  4 bullfrogs
  A centaur (D:6)
  3 scorpions
  A wight (D:7)
  2 howler monkeys
  2 orc priests
  5 crimson imps
  A bullfrog zombie (D:7)
  A jelly (D:7)
  9 hounds
  7 orc wizards
  2 iguanas
  5 worker ants
  12 gnolls
  A howler monkey skeleton (D:7)
  A river rat (D:6)
  9 adders
  A shadow imp (D:7)
  3 oozes
  An adder skeleton (D:2)
  3 worms
  4 dart slugs
  4 leopard geckos
  18 orcs
  7 bats
  10 giant cockroaches
  2 goblins (D:1)
  9 hobgoblins
  2 jackals (D:6)
  8 kobolds
  4 quokkas
  5 frilled lizards
  A quokka zombie (D:6)
  4 rats (D:1)
171 creatures vanquished.

Vanquished Creatures (others)
  41 fungi (D:8)
  21 plants (D:8)
62 creatures vanquished.

Grand Total: 233 creatures vanquished

Notes
Turn   | Place    | Note
-------+----------+-------------------------------------------
     0 | D:1      | foxfromabyss the Demonspawn Chaos Knight began the quest
                  | for the Orb.
     0 | D:1      | Reached XP level 1. HP: 18/18 MP: 1/1
    47 | D:1      | Reached skill level 1 in Dodging
    57 | D:1      | Gained mutation: You have a pair of small antennae on your
                  | head. [demonic ancestry]
    57 | D:1      | Reached XP level 2. HP: 18/24 MP: 2/2
   249 | D:1      | XOM: harmless Tloc miscast
   365 | D:1      | Reached XP level 3. HP: 24/29 MP: 3/3
   390 | D:1      | XOM: harmless Necr miscast
   781 | D:2      | Found an opulent altar of Gozag.
   870 | D:2      | Found a white marble altar of Elyvilon.
   955 | D:2      | Found an opulent altar of Gozag.
   959 | D:2      | Found an opulent altar of Gozag.
  1030 | D:2      | Found a basalt altar of Yredelemnul.
  1240 | D:2      | Found an opulent altar of Gozag.
  1369 | D:2      | XOM: harmless Pois miscast
  1414 | D:3      | Gained mutation: You have a pair of antennae on your head.
                  | [demonic ancestry]
  1414 | D:3      | Reached XP level 4. HP: 36/36 MP: 4/4
  1740 | D:2      | XOM: harmless Fire miscast
  1785 | D:3      | Gained mutation: You sometimes gain a little power by
                  | taking damage. [demonic ancestry]
  1785 | D:3      | Reached XP level 5. HP: 42/42 MP: 5/5
  1838 | D:3      | Reached skill level 4 in Fighting
  1912 | D:3      | XOM: harmless Pois miscast
  1917 | D:3      | XOM: potion effect (haste)
  2249 | D:3      | XOM: silly message
  2275 | D:3      | Reached XP level 6. HP: 38/48 MP: 6/6
  2454 | D:3      | Found a faded altar of an unknown god.
  2478 | D:3      | XOM: silly message
  2547 | D:4      | XOM: potion effect (haste)
  2569 | D:3      | HP: 2/48 [hound (5)]
  2642 | D:3      | XOM: divination: detect items
  2722 | D:4      | XOM: harmless Necr miscast
  2927 | D:4      | Gained mutation: Your flesh is cold resistant. (rC+)
                  | [demonic ancestry]
  2927 | D:4      | Reached XP level 7. HP: 37/55 MP: 7/7
  3009 | D:4      | Found a staircase to the Ecumenical Temple.
  3030 | D:4      | XOM: potion effect (agility)
  3071 | Temple   | Entered the Ecumenical Temple
  3080 | Temple   | XOM: harmless Tloc miscast
  3360 | D:4      | Found a hide-covered altar of Uskayaw.
  3485 | D:4      | Reached skill level 5 in Fighting
  3564 | D:5      | Entered Level 5 of the Dungeon
  3587 | D:5      | XOM: confuse monster(s)
  3593 | D:5      | Gained mutation: You occasionally shout uncontrollably at
                  | your foes. [potion of mutation]
  3593 | D:5      | Lost mutation: You occasionally shout uncontrollably at
                  | your foes. [potion of mutation]
  3593 | D:5      | Gained mutation: Your spells are a little harder to cast,
                  | but a little more powerful. [potion of mutation]
  3595 | D:5      | HP: 2/56 [hound (4)]
  4026 | D:5      | Found Xiwiteru's Assorted Antiques.
  4163 | D:5      | Reached skill level 5 in Maces & Flails
  4188 | D:5      | Gained mutation: You have a pair of large antennae on your
                  | head. (SInv) [demonic ancestry]
  4188 | D:5      | Reached XP level 8. HP: 57/63 MP: 8/8
  4449 | D:5      | XOM: harmless Fire miscast
  4578 | D:6      | Learned a level 2 spell: Blink
  4629 | D:6      | XOM: summons friendly iron imp
  4654 | D:5      | XOM: harmless Pois miscast
  4677 | D:6      | XOM: cloud trail
  4736 | D:6      | Noticed a hippogriff
  4743 | D:6      | Killed a hippogriff
  5016 | D:6      | Reached skill level 5 in Armour
  5025 | D:6      | XOM: divination: detect items
  5080 | D:6      | Reached skill level 6 in Fighting
  5122 | D:6      | Reached skill level 5 in Dodging
  5331 | D:6      | Found a shimmering altar of Xom.
  5890 | D:7      | Found Folodur's Food Boutique.
  5896 | D:7      | Gained mutation: You have sharp fingernails. [demonic
                  | ancestry]
  5896 | D:7      | Reached XP level 9. HP: 57/71 MP: 9/9
  6009 | D:7      | XOM: silly message
  6031 | D:7      | XOM: divination: detect items
  6048 | D:7      | Noticed Prince Ribbit
  6053 | D:7      | XOM: potion effect (brilliance)
  6059 | D:7      | Killed Prince Ribbit
  6105 | D:7      | XOM: harmless Hex miscast
  6324 | D:7      | Found Siticw Muth's Weapon Boutique.
  6371 | D:7      | Found Diemp's Food Boutique.
  6381 | D:7      | Reached skill level 7 in Fighting
  6725 | D:8      | Found a radiant altar of Vehumet.
  6791 | D:8      | XOM: harmless Tloc miscast
  6876 | D:8      | Learned a level 3 spell: Conjure Flame
  6880 | D:8      | Learned a level 3 spell: Mephitic Cloud
  6923 | D:8      | Reached skill level 1 in Conjurations
  6923 | D:8      | Reached skill level 1 in Air Magic
  6923 | D:8      | Reached skill level 1 in Poison Magic
  7083 | D:8      | XOM: smoke on damage
  7096 | D:8      | XOM: smoke on damage
  7196 | D:7      | XOM: harmless Ice miscast
  7197 | D:7      | XOM: potion effect (haste)
  7212 | D:7      | XOM: potion effect (might)
  7213 | D:7      | XOM: potion effect (haste)
  7246 | D:7      | XOM: cleaving
  7258 | D:7      | XOM: god gift: inky potion {god gift}
  7490 | D:8      | Gained mutation: You have very sharp fingernails. [demonic
                  | ancestry]
  7490 | D:8      | Reached XP level 10. HP: 13/79 MP: 10/10
  7529 | D:8      | XOM: 1-stop teleportation journey
  7544 | D:8      | HP: 2/79 [orc wizard/puff of flame (3)]
  7545 | D:8      | XOM: polymorph orc wizard -> killer bee
  7551 | D:8      | XOM: confuse monster(s)
  7552 | D:8      | Slain by a killer bee (shapeshifter)

Skill      XL: |  1  2  3  4  5  6  7  8  9 |
---------------+----------------------------+-----
Dodging        | 1 2 3 4 5 |  5.9
Armour         | 2 3 4 5 6 |  6.1
Maces & Flails | 3 4 5 6 |  6.5
Fighting       | 4 5 6 7 |  7.1
Conjurations   | 3 |  3.3
Air Magic      | 3 |  3.0
Poison Magic   | 3 |  3.3

Action                   |  1- 3 |  4- 6 |  7- 9 | 10-12 || total
-------------------------+-------+-------+-------+-------++-------
Melee: Mace              |   106 |   214 |   493 |       ||   813
  Use: Potion            |       |     2 |     8 |     2 ||    12
 Stab: Paralysed         |     3 |     5 |    16 |       ||    24
       Sleeping          |       |     1 |       |       ||     1
       Invisible         |       |       |     3 |       ||     3
       Confused          |       |       |     1 |       ||     1
       Petrified         |       |       |     3 |       ||     3
       Petrifying        |       |       |     1 |       ||     1
  Eat: Chunk             |     5 |    11 |    29 |     1 ||    46
       Ration            |       |       |     1 |       ||     1
Armor: Leather armour    |    58 |   104 |   143 |     4 ||   309
Dodge: Dodged            |    75 |   217 |   389 |     9 ||   690
